 Dungeon Crawl Stone Soup version 0.26.0-57-g60708a5e39 (webtiles) character file.

Game seed: 4747502103365465434

(classic levelgen) 85 thiole the Sneak (level 4, 0/27 HPs)
             Began as an Octopode Hedge Wizard on Feb 1, 2021.
             Slain by a hobgoblin
             ... wielding a +0 club
             ... led by Robin
              (4 damage)
             ... on level 3 of the Dungeon.
             The game lasted 00:02:54 (1546 turns).

thiole the Sneak (Octopode Hedge Wizard)            Turns: 1546, Time: 00:02:55

Health: 0/27       AC:  1    Str:  9    XL:     4   Next: 48%
Magic:  7/8        EV: 13    Int: 17    God:
Gold:   15         SH:  0    Dex: 11    Spells: 8/9 levels left

rFire    . . .     SeeInvis .   a - +0 dagger
rCold    + . .     Faith    .   (no shield)
rNeg     . . .     Spirit   .   b - +0 hat
rPois    .         Reflect  .   l - amulet of magic regeneration
rElec    .         Harm     .   i - ring of ice
rCorr    .         Rampage  .   e - ring of protection from fire
Will     .....                  (no ring)
Stlth    +++.......             (no ring)
HPRegen  0.09/turn              (no ring)
MPRegen  0.36/turn              (no ring)
                                (no ring)
                                (no ring)

@: no status effects
A: almost no armour, stealthy swim, amphibious, 8 rings, constrict 8, camouflage
1, gelatinous body 1
a: no special abilities


You were on level 3 of the Dungeon.
You visited 1 branch of the dungeon, and saw 3 of its levels.

You collected 15 gold pieces.

Inventory:

Hand Weapons
 a - a +0 dagger (weapon)
Armour
 b - a +0 hat (worn)
Jewellery
 e - a ring of protection from fire (right tentacle)
 h - an uncursed amulet of faith {unknown}
 i - a ring of ice (left tentacle)
 j - an uncursed ring of ice
 l - an amulet of magic regeneration (around mantle)
Scrolls
 f - a scroll of noise {unknown}
 g - 2 scrolls of immolation
Potions
 c - 2 potions of degeneration {unknown}
 d - a potion of magic {unknown}
 k - a potion of attraction {unknown}
 m - a potion of flight {unknown}


   Skills:
 + Level 0.6 Fighting
 - Level 2.0 Dodging
 - Level 4.0 Stealth
 - Level 3.0 Spellcasting
 - Level 3.0 Conjurations
 - Level 2.0 Summonings
 - Level 1.0 Translocations


You had 8 spell levels left.
You knew the following spells:

 Your Spells              Type           Power        Failure   Level
a - Magic Dart            Conj           48%          4%          1

Your spell library contained the following spells:

 Spells                   Type           Power        Failure   Level
 Call Imp                 Summ           9%           12%         2
 Blink                    Tloc           N/A          17%         2
 Slow                     Hex            2%           26%         2
 Conjure Flame            Conj/Fire      7%           28%         3
 Mephitic Cloud           Conj/Pois/Air  5%           34%         3


Dungeon Overview and Level Annotations

Branches:
Dungeon (2/15)

Altars:


Innate Abilities, Weirdness & Mutations

You cannot wear most types of armour.
You are very stealthy in the water. (Stealth+)
You are amphibious.
You can wear up to eight rings at the same time.
You can use your tentacles to constrict eight enemies at once.
Your skin changes colour to match your surroundings (Stealth+).
Your rubbery body absorbs attacks. (AC +1, EV +1)


Message History

* * * LOW HITPOINT WARNING * * *
You closely miss the goblin. Your grab misses the goblin.
The goblin is severely wounded.
The goblin hits you but does no damage.
A goblin comes into view. It is wielding a +0 club.
The hobgoblin hits you with a +0 club.
* * * LOW HITPOINT WARNING * * *
Casting: Magic Dart (safe; 4% risk of failure)
Confirm with . or Enter, or press ? or * to list all spells.
Aiming: Magic Dart (safe; 4% risk of failure)
Press: ? - help, Shift-Dir - straight line, f - hobgoblin
Aim: a hobgoblin, wielding a +0 club (strong, 0% to evade)
The magic dart hits the hobgoblin.
The hobgoblin is heavily wounded.
The goblin barely misses you.
The hobgoblin hits you but does no damage.
You hit the goblin.
You kill the goblin!
The hobgoblin hits you with a +0 club.
You die...

### ..# #.# #
###.###.##.#
.g..)).g...#
#g# #@# #)##
#..# ##.# #.#
###.# ##.#.#
####....####
+.............


You could see a hobgoblin (strong) and a goblin.

Vanquished Creatures
  Jessica (D:2)
  Robin (D:3)
  An adder (D:2)
  An orc (D:3)
  2 giant cockroaches (D:1)
  5 hobgoblins
  4 bats
  2 frilled lizards (D:1)
  9 goblins
  8 kobolds (D:1)
  8 rats (D:1)
42 creatures vanquished.

Notes
Turn   | Place    | Note
-------+----------+-------------------------------------------
     0 | D:1      | thiole the Octopode Hedge Wizard began the quest for the
                  | Orb.
     0 | D:1      | Reached XP level 1. HP: 11/11 MP: 4/4
   361 | D:1      | Reached XP level 2. HP: 17/17 MP: 4/6
   916 | D:1      | Reached XP level 3. HP: 21/21 MP: 4/7
  1443 | D:2      | Noticed Jessica
  1451 | D:2      | Killed Jessica
  1452 | D:2      | Reached skill level 3 in Stealth
  1452 | D:2      | Reached XP level 4. HP: 27/27 MP: 3/8
  1472 | D:2      | You fall into a shaft and drop 1 floor!
  1529 | D:3      | Noticed Robin
  1542 | D:3      | Killed Robin
  1543 | D:3      | Reached skill level 4 in Stealth
  1546 | D:3      | Slain by a hobgoblin

Illustrated notes

Levels and vault maps discovered:
D:1:      scummos_arrival_forest, layout_loops_ring
D:2:      minmay_angry_zag, layout_loops_ring,
          gammafunk_temple_overflow_forgotten, uniq_jessica, uniq_sigmund
D:3:      layout_loops_corners, uniq_robin

Skill      XL: |  1  2  3  4 |
---------------+-------------+-----
Conjurations   | 2 3 |  3.0
Summonings     | 2 |  2.0
Stealth        | 3 4 |  4.0
Fighting       | |  0.6
Dodging        | |  2.0
Spellcasting   | |  3.0
Translocations | |  1.0

Action                   |  1- 3 |  4- 6 || total
-------------------------+-------+-------++-------
Melee: Dagger            |    16 |    12 ||    28
       Constrict         |     3 |     3 ||     6
       Tentacles         |       |     2 ||     2
 Cast: Magic Dart        |    65 |     9 ||    74
  Use: Scroll            |     2 |       ||     2
Armor: Skin              |       |     4 ||     4
Dodge: Dodged            |    15 |     6 ||    21
